Map: Port Aleksander LE

Players

MarineVet

  • Race: Terran Terran
  • League: Bronze
  • Spawn Location: 11:00

Smileblind - Winner!

  • Race: Protoss Protoss
  • League: Silver
  • Spawn Location: 5:00

VOD

Have the link to the VOD?

Description

Time

  • Played on: Feb. 1, 2019, 8:16 p.m.
  • Length: 14:15
Show
View Real Time Build Order
Export as new Build Order

MarineVet Terran 

Build Orders:  

Get SALT Encoding   

  12  0:09  SCV  
  13  0:26  SCV  
  14  0:32  Supply Depot  
  14  0:40  Engineering Bay  
  14  0:55  Supply Depot  
  14  0:56  SCV  
  15  1:08  SCV  
  16  1:13  Barracks  
  16  1:20  SCV  
  16  1:21  Supply Depot  
  17  1:35  Refinery  
  17  1:38  SCV  
  18  1:48  Supply Depot  
  18  1:50  SCV  
  19  2:07  Barracks x2  
  19  2:11  SCV  
  20  2:22  Missile Turret  
  20  2:23  SCV  
  20  2:27  Marine  
  22  2:42  Refinery  
  22  2:45  SCV, Marine  
  24  3:03  Marine  
  25  3:11  Factory  
  25  3:19  Supply Depot  
  25  3:21  Marine  
  25  3:24  Barracks Tech Lab  
  26  3:28  Marine  
  27  3:38  Marine  
  27  3:39  SCV  
  29  3:46  Marine  
  30  3:51  SCV  
  30  3:53  Factory  
  31  4:03  SCV  
  31  4:04  Marine  
  33  4:10  Starport  
  33  4:12  Marauder  
  35  4:22  Marine  
  35  4:24  SCV  
  37  4:29  Factory Tech Lab  
  37  4:32  Marine  
  37  4:36  SCV  
  39  4:39  Marine  
  39  4:40  Supply Depot  
  39  4:43  Barracks Reactor  
  40  4:50  Viking, Marine  
  43  5:02  Supply Depot  
  43  5:10  Supply Depot  
  43  5:26  Barracks Tech Lab  
  43  5:33  Supply Depot  
  43  5:55  Supply Depot  
  43  6:04  Factory Tech Lab  
  43  6:14  Starport  
  43  6:16  Medivac  
  45  6:36  Command Center  
  45  6:41  Orbital Command  
  45  6:46  Viking  
  47  6:55  Siege Tank  
  47  6:56  Siege Tank  
  53  7:11  Starport Tech Lab  
  53  7:20  Missile Turret  
  53  7:23  Marauder x2  
  53  7:27  Siege Tank, Marine  
  61  7:44  Marauder  
  61  7:45  Marauder  
  65  8:00  SCV  
  66  8:06  Refinery  
  66  8:12  SCV  
  67  8:24  SCV  
  68  8:30  Raven  
  70  8:36  SCV  
  70  8:41  Missile Turret  
  71  8:48  SCV  
  71  8:50  Terran Infantry Weapons Level 1  
  72  9:02  Armory, Marine x4  
  76  9:13  Banshee  
  79  9:20  Marine x2  
  79  9:21  Marauder x2  
  79  9:23  Starport Reactor  
  85  9:37  Marine  
  85  9:38  Marine  
  87  9:42  Marauder x2  
  91  9:55  Marine  
  91  9:56  Marine  
  97  10:07  Marauder x2  
  97  10:13  Marine x2  
  99  10:16  Liberator  
  99  10:25  Banshee  
  99  10:28  Marauder, Marine  
  105  10:31  Marine x2  
  110  12:05  Marine x2  
  110  12:07  Marine x2  
  110  12:08  Banshee  
  108  12:09  Siege Tank  
  108  12:10  Siege Tank  
  78  12:23  Marine x2  
  78  12:24  Marine  
  78  12:25  Marine  
  77  12:32  Viking  
  77  12:33  Viking  
  81  12:40  Marine x2  
  81  12:42  Marine x2, Thor  
  91  12:51  Banshee  
  94  12:58  Marine x2  
  94  13:01  Marauder x2  
  94  13:02  Viking  
  58  13:16  Marine x2  
  53  13:21  Marine  
  53  13:22  Marauder  
  52  13:34  Marine x2  
  48  13:39  Marine  
  38  13:43  Marine  
Show
View Real Time Build Order
Export as new Build Order

Smileblind Protoss - Winner!

Build Orders:  

Get SALT Encoding   

  12  0:02  Probe  
  13  0:13  Probe  
  14  0:21  Probe  
  14  0:22  Pylon  
  15  0:37  Probe  
  16  0:49  Probe  
  17  0:50  Gateway  
  17  1:00  Assimilator  
  17  1:01  Probe  
  18  1:06  Assimilator  
  18  1:13  Probe, Pylon  
  19  1:25  Forge  
  19  1:26  Probe  
  20  1:38  Probe  
  21  1:40  Cybernetics Core  
  21  1:44  Zealot  
  21  1:50  Probe  
  24  2:02  Probe  
  25  2:08  Photon Cannon, Warp Gate  
  25  2:19  Photon Cannon  
  25  2:27  Stalker  
  27  2:40  Pylon  
  27  3:06  Nexus  
  27  3:09  Sentry  
  29  3:23  Gateway  
  29  3:26  Shield Battery  
  29  3:33  Probe  
  30  3:44  Pylon  
  30  3:45  Probe  
  31  3:54  Protoss Ground Weapons Level 1  
  31  3:57  Probe  
  31  4:02  Robotics Facility  
  32  4:09  Probe  
  33  4:32  Adept, Photon Cannon  
  33  4:33  Adept  
  33  4:37  Probe  
  37  4:44  Probe  
  37  4:45  Probe  
  40  4:54  Probe  
  40  4:56  Probe  
  40  4:58  Immortal  
  40  4:59  Pylon  
  42  5:06  Probe  
  43  5:08  Probe  
  48  5:14  Zealot  
  50  5:24  Twilight Council  
  50  5:27  Probe  
  51  5:29  Robotics Bay  
  51  5:39  Probe  
  51  5:41  Pylon  
  52  5:51  Probe  
  53  5:57  Immortal  
  53  6:05  Charge  
  57  6:12  Photon Cannon  
  57  6:15  Assimilator  
  57  6:17  Assimilator  
  57  6:21  Zealot x2  
  61  6:28  Probe  
  61  6:29  Shield Battery  
  61  6:31  Shield Battery, Extended Thermal Lance  
  62  6:36  Probe  
  62  6:46  Probe, Colossus  
  70  6:58  Probe  
  71  7:02  Dark Shrine  
  71  7:10  Probe  
  72  7:22  Probe  
  73  7:24  Pylon  
  73  7:26  Pylon  
  73  7:27  Sentry  
  73  7:28  Pylon  
  75  7:30  Stalker  
  75  7:34  Probe  
  78  7:38  Nexus  
  78  7:46  Probe  
  78  7:49  Shield Battery  
  78  7:50  Shield Battery  
  79  7:52  Gateway  
  79  7:54  Probe  
  81  7:58  Probe  
  81  8:03  Stargate  
  81  8:06  Probe  
  81  8:12  Robotics Facility  
  82  8:18  Dark Templar x2  
  86  8:45  Void Ray  
  86  8:47  Gateway  
  86  8:50  Robotics Facility  
  86  9:00  Colossus  
  86  9:01  Probe  
  96  9:09  Probe  
  97  9:15  Photon Cannon  
  98  9:18  Probe  
  99  9:27  Fleet Beacon  
  99  9:28  Void Ray  
  99  9:30  Probe  
  104  9:33  Assimilator  
  104  9:35  Assimilator  
  104  9:43  Probe  
  105  9:52  Gateway  
  105  9:54  Dark Templar x3, Observer  
  105  9:55  Probe  
  113  10:02  Immortal  
  117  10:27  Pylon  
  117  10:31  Protoss Air Weapons Level 1, Pylon  
  117  10:33  Protoss Ground Weapons Level 2  
  117  10:38  Mothership  
  117  10:49  Immortal, Probe  
  130  11:01  Probe  
  131  11:09  Probe  
  131  11:11  Pylon  
  131  11:13  Pylon  
  131  11:17  Pylon, Probe  
  133  11:29  Carrier  
  133  11:30  Stalker  
  133  11:31  Immortal, Stalker  
  133  11:32  Stalker  
  149  11:41  Immortal  
  153  11:49  Gateway  
  153  11:50  Gateway  
  153  11:52  Gateway  
  153  11:56  Stargate  
  153  12:00  Shield Battery  
  147  12:10  Immortal  
  139  12:34  Carrier  
  139  12:36  Colossus  
Tags
 
Add a new tag
Caveats
  • Supply blocks, unpowered buildings, or Contaminate may cause inaccurate times.
  • Supply counts are checked every 10 seconds.